 Dungeon Crawl Stone Soup version 0.29-a0-613-gf2c431b9b9 (webtiles) character file.

Game seed: 12570348655672874284

22 moldycheese5 the Skirmisher (level 2, 0/24 HPs)
             Began as a Demonspawn Abyssal Knight on June 16, 2022.
             Was a Believer of Lugonu.
             Slain by an adder (1 damage)
             ... on level 2 of the Dungeon.
             The game lasted 00:03:21 (1393 turns).

moldycheese5 the Skirmisher (DsAK)                  Turns: 1393, Time: 00:03:22

Health: 0/24       AC:  3    Str: 19    XL:     2   Next: 68%
Magic:  3/3        EV: 15    Int: 11    God:    Lugonu [**....]
Gold:   40         SH:  0    Dex: 13    Spells: 1/1 levels left

rFire   . . .      SeeInvis .   a - +1 falchion
rCold   . . .      Faith    .   (no shield)
rNeg    . . .      Spirit   .   b - +0 leather armour
rPois   .          Reflect  .   (helmet restricted)
rElec   .          Harm     .   (no cloak)
rCorr   .          Rampage  .   (no gloves)
Will    .....                   (no boots)
Stlth   +.........              (no amulet)
HPRegen 0.08/turn               g - +6 ring of strength
MPRegen 0.08/turn               k - +4 ring of evasion

@: no status effects
A: antennae 1
a: Renounce Religion, Depart the Abyss, Bend Space


You were on level 2 of the Dungeon.
You worshipped Lugonu.
Lugonu was pleased with you.
You visited 1 branch of the dungeon, and saw 2 of its levels.
You visited the Abyss 1 time.

You collected 40 gold pieces.

Inventory:

Hand Weapons
 a - a +1 falchion (weapon)
Armour
 b - a +0 leather armour (worn)
Jewellery
 g - a +6 ring of strength (left hand)
 i - a +6 ring of strength
 k - a +4 ring of evasion (right hand)
Scrolls
 c - a scroll of blinking {unknown}
 e - a scroll of magic mapping {unknown}
 h - a scroll of fear {unknown}
 l - a scroll of vulnerability {unknown}
 m - a scroll of identify {unknown}
 n - a scroll of poison {unknown}
Potions
 d - a potion of curing {unknown}
 f - a potion of ambrosia {unknown}
 j - 2 potions of attraction {unknown}
 o - a potion of haste {unknown}


   Skills:
 + Level 3.5 Fighting
 + Level 2.0 Long Blades
 + Level 2.1 Armour
 + Level 0.8 Dodging
 + Level 2.5 Invocations


You had one spell level left.
You didn't know any spells.
Your spell library contained the following spells:

 Spells                   Type           Power      Damage    Failure   Level
 Fireball                 Conj/Fire      0%         3d3       100%        5
 Starburst                Conj/Fire      0%         6d3       100%        6
 Ignition                 Fire           0%         3d3       100%        8


Dungeon Overview and Level Annotations

Branches:
Dungeon (2/15)

Altars:


Innate Abilities, Weirdness & Mutations

You have a pair of small antennae on your head.


Message History

The kobold hits you with a +0 dagger. The adder barely misses you.
You closely miss the adder.
The adder is heavily wounded.
The adder bites you.
The hobgoblin hits you but does no damage.
The kobold hits you with a +0 dagger.
You hit the adder.
The adder is severely wounded.
The adder bites you. The kobold hits you but does no damage.
The hobgoblin hits you. The adder closely misses you.
You are too injured to fight recklessly!
You are too injured to fight recklessly!
You are too injured to fight recklessly!
You are too injured to fight recklessly!
You are too injured to fight recklessly!
You are too injured to fight recklessly!
You completely miss the adder.
The adder is severely wounded.
The adder bites you. The kobold hits you with a +0 dagger.
* * * LOW HITPOINT WARNING * * *
The hobgoblin hits you.
* * * LOW HITPOINT WARNING * * *
You barely miss the adder.
The adder is severely wounded.
The adder completely misses you.
The hobgoblin hits you but does no damage.
The kobold hits you but does no damage. The adder barely misses you.
The kobold hits you with a +0 dagger.
* * * LOW HITPOINT WARNING * * *
The hobgoblin closely misses you.
You remove your +6 ring of strength.
You feel weaker. The adder barely misses you.
k - a +4 ring of evasion (right hand)
The kobold hits you but does no damage. The hobgoblin closely misses you.
Okay, then.
The kobold attacks as you move away! The kobold hits you with a +0 dagger.
* * * LOW HITPOINT WARNING * * *
The adder bites you.
You die...

####............... ...
+..................
....######.............
#............#........
..............#########
..............#
..............#
..............#
..........@S..#
..........!K..#
...........g...#
..............#
.............#
..............
.....#.........
####.#.........) #
#..........


You could see an adder, a hobgoblin and a kobold.

Vanquished Creatures
  2 dart slugs (D:1)
  An endoplasm (D:1)
  A goblin (D:1)
  2 kobolds (D:1)
  3 ball pythons
  5 bats (D:1)
  3 frilled lizards
  3 rats (D:1)
20 creatures vanquished.

Notes
Turn   | Place    | Note
-------+----------+-------------------------------------------
     0 | Abyss:1  | moldycheese5 the Demonspawn Abyssal Knight began the quest
                  | for the Orb.
     0 | Abyss:1  | Reached XP level 1. HP: 18/18 MP: 2/2
     4 | Abyss:1  | Found a bloodstained altar of Trog.
    81 | Abyss:1  | Found a bloodstained altar of Trog.
   122 | Abyss:1  | Noticed a brown very ugly thing
   165 | D:1      | Escaped the Abyss
   344 | D:1      | Reached ** piety under Lugonu
   401 | D:1      | Discovered your monstrous ancestry.
   401 | D:1      | Gained mutation: You have a pair of small antennae on your
                  | head. [demonic ancestry]
   401 | D:1      | Reached XP level 2. HP: 23/24 MP: 3/3
  1393 | D:2      | HP: 1/24 [kobold/+0 dagger (1)]
  1393 | D:2      | Slain by an adder

Illustrated notes

Levels and vault maps discovered:
D:1:      evilmike_arrival_hilbert_curve, layout_loops_corners
D:2:      layout_basic, ebering_ecumenical_altar_abandoned

Skill      XL: |  1  2 |
---------------+-------+-----
Armour         | 2 |  2.1
Long Blades    | 2 |  2.0
Fighting       | |  3.5
Dodging        | |  0.8
Invocations    | |  2.5

Action                   || total
-------------------------++-------
Melee: Falchion          ||    60
Invok: Depart the Abyss  ||     1
Armor: Leather armour    ||    24
Dodge: Dodged            ||    43

Table legend: (Time is in decaauts)
 A = Elapsed time spent in this place.
 B = Non-inter-level travel time spent in this place.
 C = Inter-level travel time spent in this place.
 D = Time resting spent in this place.
 E = Time spent auto-exploring this place.
 F = Levels seen in this place.
 G = Mean time per level.
                   A        B        C        D        E       F      G
               +--------+--------+--------+--------+--------+-----+--------+
         Total |   1404 |   1297 |    107 |      0 |   1070 |   3 |  468.0 |
       Dungeon |   1238 |   1131 |    107 |      0 |    956 |   2 |  619.0 |
         Abyss |    166 |    166 |      0 |      0 |    114 |   1 |  166.0 |
               +--------+--------+--------+--------+--------+-----+--------+

Top non-repeatable levels by time:
     D:1: 1065 daAuts
     D:2: 172 daAuts
 Abyss:1: 166 daAuts
